AoeStats
← Hitman88

Arabia

510525643Analyzed
2v2 RM · 24h ago on Oct 1, 2026· 11m 53s· 4 players
Game mode
Random Map
Map size
Medium (4 player)
Population
200
Speed
Normal
Resources
Standard
Victory
Conquest
Starting age
Dark Age
Ending age
Imperial Age
RankedLock teamsTeams togetherTeam positionsShared explorationLock speedFull tech treeHidden civsTurbo modeCheats
Victory
Defeat
🇮🇹 Britons · Italy
958
+12
🇬🇧 Bulgarians · United Kingdom
893
+15
🇺🇸 Turks · United States
874
-14
🇧🇷 Mongols · Brazil
864
-13
Maurizio il Brocco
5:46 Loom
8:32 Feudal Age
HighTowerM8
0:29 Loom
10:45 Feudal Age
11:11 Double-Bit Axe
11:10 Horse Collar
Hitman88
9:29 Loom
12:40 Feudal Age
Will Rossi
11:31 Feudal Age
Connection lost

Rejoining the realm…

Still unreachable

The connection could not be restored.

Session expired

The server has moved on; the page needs a fresh start.